 Dungeon Crawl Stone Soup version 0.26-a0-712-ga5a9c9c9d0 (webtiles) character file.

Game seed: 16028525077927540587

32185 kae the Martial Artist (level 13, -2/110 HPs)
             Began as an Octopode Transmuter on Nov 5, 2020.
             Was the Champion of Cheibriados.
             Slain by a komodo dragon (28 damage)
             ... on level 5 of the Lair of Beasts.
             The game lasted 00:17:40 (22888 turns).

kae the Martial Artist (Octopode Transmuter)       Turns: 22888, Time: 00:17:41

Health: -2/110     AC:  7    Str: 34    XL:     13   Next: 62%
Magic:  15/19      EV: 20    Int: 30    God:    Cheibriados [******]
Gold:   1067       SH:  0    Dex: 29    Spells: 7/20 levels left

rFire    x . .     SeeInvis +     - Unarmed
rCold    + + +     Faith    .   (shield currently unavailable)
rNeg     . . .     Spirit   .   (helmet currently unavailable)
rPois    +         Reflect  .   p - amulet of the acrobat
rElec    .         Harm     .   c - ring of stealth
rCorr    .         Rampage  .   d - +6 ring of strength
MR       .....                  e - ring of see invisible
Stlth    +++++.....             (no ring)
HPRegen  0.28/turn              (no ring)
MPRegen  0.16/turn              (no ring)
                                (no ring)
                                (no ring)

@: ice-form, very slow
A: large, almost no armour, stealthy swim, amphibious, 8 rings, (constrict 8)
a: End Transformation, Bend Time, Temporal Distortion, Slouch, Step From Time,
Renounce Religion


You were on level 5 of the Lair of Beasts.
You worshipped Cheibriados.
Cheibriados was exalted by your worship.
You were a creature of crystalline ice.
You visited 3 branches of the dungeon, and saw 17 of its levels.
You also visited: Ossuary.

You collected 1067 gold pieces.

Inventory:

Armour
 z - a +2 hat of magic resistance (melded)
Jewellery
 c - a ring of stealth (left front paw)
 d - a +6 ring of strength (right front paw)
 e - a ring of see invisible (on tentacle)
 p - an amulet of the acrobat (around neck)
Wands
 r - a wand of polymorph (19)
 s - a wand of enslavement (23)
 x - a wand of paralysis (13)
 D - a wand of digging (3)
 G - a wand of acid (5)
Scrolls
 a - a scroll of blinking
 h - 9 scrolls of remove curse
 o - 6 scrolls of teleportation
 q - 3 scrolls of enchant weapon
 t - 4 scrolls of fear
 u - 4 scrolls of fog
 y - 2 scrolls of magic mapping
 E - a scroll of silence
 F - 2 scrolls of enchant armour
 H - a scroll of identify
Potions
 b - 2 potions of cancellation
 f - 4 potions of stabbing
 g - 2 potions of degeneration
 i - 6 potions of haste
 j - 3 potions of flight
 k - 2 potions of mutation
 l - 6 potions of brilliance
 m - a potion of berserk rage
 n - 8 potions of curing
 v - a potion of invisibility
 w - 2 potions of might
 A - 6 potions of heal wounds
 B - 3 potions of magic
 C - 2 potions of lignification


   Skills:
 - Level 10.0 Fighting
 - Level 10.0 Dodging
 + Level 7.2 Stealth
 - Level 11.1 Unarmed Combat
 - Level 4.0 Spellcasting
 - Level 11.0 Transmutations
 - Level 3.0 Poison Magic
 - Level 7.0 Invocations
 - Level 5.0 Evocations


You had 7 spell levels left.
You knew the following spells:

 Your Spells              Type           Power        Failure   Level
a - Beastly Appendage     Tmut           ######       1%          1
b - Spider Form           Tmut/Pois      #####.....   1%          3
c - Blade Hands           Tmut           ######....   1%          5
d - Ice Form              Ice/Tmut       #####...     7%          4

Your spell library contained the following spells:

 Spells                   Type           Power        Failure   Level
 Wereblood                Tmut           ######..     1%          2
 Animate Skeleton         Necr           #.....       6%          1
 Corona                   Hex            #......      6%          1
 Pain                     Necr           #...         6%          1
 Shock                    Conj/Air       #...         6%          1
 Petrify                  Tmut/Erth      #####...     7%          4
 Ensorcelled Hibernation  Hex/Ice        #.....       10%         2
 Swiftness                Air            #.......     10%         2
 Confusing Touch          Hex            #.......     19%         3
 Dazzling Flash           Conj/Hex       #.....       19%         3
 Gell's Gravitas          Tloc           #.........   19%         3
 Static Discharge         Conj/Air       #.......     19%         3
 Tukima's Dance           Hex            #.......     19%         3
 Vampiric Draining        Necr           #.........   19%         3
 Yara's Violent Unravell  Hex/Tmut       #####.....   19%         5
 Airstrike                Air            #.........   54%         4
 Animate Dead             Necr           #.........   54%         4
 Cause Fear               Hex            #.........   54%         4
 Agony                    Necr           #.......     87%         5
 Lightning Bolt           Conj/Air       #.........   87%         5
 Metabolic Englaciation   Hex/Ice        #.........   87%         5
 Silence                  Hex/Air        #.........   87%         5
 Discord                  Hex            #.........   100%        8


Dungeon Overview and Level Annotations

Branches:
Dungeon (11/15)            Temple (1/1) D:5            Lair (5/6) D:8
  Swamp (0/4) Lair:2        Snake (0/4) Lair:4      Ossuary (visited)
  Slime: Lair:5-6       Orc: D:9-12

Altars:
Ashenzari
Cheibriados
Dithmenos
Elyvilon
Fedhas
Gozag
Hepliaklqana
Kikubaaqudgha
Makhleb
Nemelex Xobeh
Okawaru
Qazlal
Ru
Sif Muna
Trog
Uskayaw
Vehumet
Wu Jian
Xom
Yredelemnul
Zin
The Shining One

Portals:
Trove: D:10 (give 14 scrolls of teleportation)

Annotations:
D:4 exclusion: ogre
D:6 3 runed translucent doors, PanSaczeczos's ghost, novice TeCj
D:9 exclusions: ice statue and orange crystal statue
D:11 exclusion: orange crystal statue
Lair:4 exclusion: oklob plant


Innate Abilities, Weirdness & Mutations

You cannot wear most types of armour.
You are very stealthy in the water. (Stealth+)
You are amphibious.
You can wear up to eight rings at the same time.
((You can use your tentacles to constrict eight enemies at once.))
((Your skin changes colour to match your surroundings (Stealth+).))
((Your rubbery body absorbs attacks. (AC +1, EV +1)))


Message History

Your tentacles revert to their normal proportions.
The komodo dragon hisses angrily.
Casting: Blade Hands (dangerous; 1% risk of failure)
Confirm with . or Enter, or press ? or * to list all spells.
You turn into a creature of crystalline ice.
Your +2 hat of magic resistance melds into your body.
You feel less resistant to hostile enchantments.
The komodo dragon completely misses you.
The komodo dragon completely misses you.
You punch the komodo dragon! You freeze the komodo dragon.
The komodo dragon is heavily wounded.
The komodo dragon bites you!!
* * * LOW HITPOINT WARNING * * *
You punch the komodo dragon! You freeze the komodo dragon.
The komodo dragon is severely wounded.
You hit the komodo dragon.
The komodo dragon seems to slow down.
You freeze the komodo dragon.
The komodo dragon is severely wounded.
The komodo dragon bites you!!
You die...

..........
##...........
##............
##.............
#..............
#..............
#............. ###
#............
#Y####.......††...
#l..###...........
..##†...#.#...#...#.#
#......†.......#.####
#............P####
#.......(.....##
#..........†....#
...............##
............!..#


You could see a komodo dragon (slow).

Vanquished Creatures
  Erolcha (D:11)
  A boulder beetle (Lair:3)
  5 hydras
  A lindwurm (Lair:4)
  Pikel (D:8)
  9 elephants
  2 black mambas (Lair:4)
  9 cane toads
  8 komodo dragons
  A kobold demonologist (D:9)
  3 rime drakes
  2 polar bears
  A troll (D:10)
  Prince Ribbit (D:8)
  A hornet (Lair:5)
  A tyrant leech (Lair:2)
  7 dream sheep (Lair:4)
  2 vampires
  2 wraiths
  27 yaks
  Sigmund (D:3)
  6 wyverns
  A steam dragon (D:11)
  3 basilisks
  2 swamp worms (Lair:2)
  4 nagas (Lair:4)
  11 water moccasins
  2 phantoms
  7 sky beasts
  4 black bears
  7 orc warriors
  4 centaurs
  A necrophage (D:8)
  An ogre (D:8)
  6 wolves
  2 lemures (D:8)
  A big kobold (D:11)
  11 bullfrogs
  A water moccasin zombie (D:7)
  4 scorpions
  5 killer bees (D:10)
  4 howler monkeys
  6 wights
  8 jellies
  A bullfrog zombie (D:8)
  2 centaur zombies
  5 hounds
  10 orc priests
  15 orc wizards
  A bullfrog skeleton (D:11)
  Terence (D:2)
  Natasha (thrice) (D:3)
  2 iguanas
  6 worker ants
  A killer bee zombie (D:5)
  A hound zombie (D:7)
  2 hound skeletons
  3 mummies (Ossuary)
  A howler monkey zombie (D:6)
  A worker ant zombie (D:5)
  11 adders
  6 gnolls
  2 shadow imps
  2 white imps
  An ufetubus (D:9)
  17 oozes
  A worm (D:2)
  An adder zombie (D:5)
  6 dart slugs
  6 leopard geckos
  34 orcs
  6 bats
  3 giant cockroaches
  6 hobgoblins
  10 jackals
  4 quokkas
  A ball python (D:4)
  8 frilled lizards
  8 goblins
  A goblin zombie (Ossuary)
  5 hobgoblin zombies (Ossuary)
  9 kobolds
  3 kobold zombies (Ossuary)
  9 rats
402 creatures vanquished.

Vanquished Creatures (others)
  71 fungi
  66 plants
137 creatures vanquished.

Grand Total: 539 creatures vanquished

Notes
Turn   | Place    | Note
-------+----------+-------------------------------------------
     0 | D:1      | kae the Octopode Transmuter began the quest for the Orb.
     0 | D:1      | Reached XP level 1. HP: 13/13 MP: 3/3
   464 | D:1      | Reached XP level 2. HP: 18/18 MP: 3/5
  1026 | D:1      | You fall into a shaft and drop 1 floor!
  1059 | D:2      | Reached XP level 3. HP: 22/23 MP: 4/6
  1064 | D:2      | Learned a level 3 spell: Spider Form
  2038 | D:2      | Noticed Terence
  2055 | D:2      | Killed Terence
  2055 | D:2      | Reached XP level 4. HP: 16/28 MP: 3/7
  2307 | D:2      | Found a blossoming altar of Fedhas.
  2308 | D:2      | Found a white marble altar of Elyvilon.
  2330 | D:2      | Reached skill level 1 in Poison Magic
  3177 | D:3      | Reached XP level 5. HP: 34/34 MP: 6/8
  3273 | D:3      | Noticed Sigmund
  3285 | D:3      | Killed Sigmund
  3285 | D:3      | Reached XP level 6. HP: 39/39 MP: 6/9
  3654 | D:3      | Noticed Natasha
  3674 | D:3      | Killed Natasha
  3796 | D:3      | Noticed Natasha
  3801 | D:3      | Killed Natasha
  4186 | D:3      | Noticed Natasha
  4195 | D:3      | Killed Natasha
  4756 | D:4      | Reached XP level 7. HP: 42/45 MP: 7/11
  4995 | D:4      | Reached skill level 5 in Unarmed Combat
  5357 | D:4      | Found a glowing golden altar of the Shining One.
  5810 | D:5      | Entered Level 5 of the Dungeon
  5810 | D:5      | Found a staircase to the Ecumenical Temple.
  5915 | Temple   | Entered the Ecumenical Temple
  6106 | Temple   | Became a worshipper of Cheibriados the Contemplative
  6244 | D:5      | Found a broken altar of Ashenzari.
  6628 | D:5      | Reached skill level 5 in Transmutations
  6976 | D:5      | Found a white marble altar of Elyvilon.
  7065 | D:5      | Reached XP level 8. HP: 52/52 MP: 10/12
  8025 | D:6      | Found a radiant altar of Vehumet.
  8221 | D:6      | Found a runed translucent gate.
  8221 | D:6      | Found a runed translucent gate.
  8221 | D:6      | Found a runed translucent gate.
  8221 | D:6      | Noticed PanSaczeczos's ghost (novice TeCj)
  8344 | D:7      | Found a sand-covered staircase.
  8366 | D:7      | Learned a level 5 spell: Blade Hands
  8371 | D:7      | Learned a level 4 spell: Ice Form
  8373 | Ossuary  | Entered an ossuary
  8373 | Ossuary  | Noticed a wraith
  8373 | Ossuary  | Noticed a wraith
  8373 | Ossuary  | Noticed a wraith
  8542 | Ossuary  | Reached * piety under Cheibriados
  8955 | Ossuary  | Noticed a wraith
  8977 | Ossuary  | Killed a wraith
 10011 | D:7      | Reached ** piety under Cheibriados
 10098 | D:7      | Reached XP level 9. HP: 58/58 MP: 9/13
 10418 | D:7      | Found an iron altar of Okawaru.
 10498 | D:8      | Noticed Pikel
 10514 | D:8      | Killed Pikel
 10565 | D:8      | Noticed Prince Ribbit
 10570 | D:8      | Killed Prince Ribbit
 11093 | D:8      | Reached XP level 10. HP: 54/63 MP: 9/14
 11096 | D:8      | Reached *** piety under Cheibriados
 11189 | D:8      | Found a staircase to the Lair.
 11790 | D:9      | Noticed an orange crystal statue
 11803 | D:9      | Noticed a kobold demonologist
 11818 | D:9      | Killed a kobold demonologist
 11818 | D:9      | Reached skill level 10 in Unarmed Combat
 11972 | D:9      | Noticed an ice statue
 12463 | D:9      | Found a bloodstained altar of Trog.
 12818 | D:9      | Reached skill level 10 in Transmutations
 12877 | D:9      | Reached **** piety under Cheibriados
 13228 | D:9      | Identified a scroll of acquirement
 13228 | D:9      | Acquired a +0 hat of magic resistance
 13258 | D:10     | Entered Level 10 of the Dungeon
 13649 | D:10     | Reached XP level 11. HP: 54/69 MP: 9/15
 13868 | D:10     | Found a portal to a secret trove of treasure.
 14576 | D:10     | Reached skill level 5 in Dodging
 14678 | D:11     | Reached ***** piety under Cheibriados
 15329 | D:11     | Reached skill level 5 in Fighting
 15437 | D:11     | Noticed an orange crystal statue
 15440 | D:11     | Noticed Erolcha
 15458 | D:11     | Killed Erolcha
 15802 | Lair:1   | Entered Level 1 of the Lair of Beasts
 15889 | Lair:1   | Reached skill level 1 in Stealth
 15894 | Lair:1   | Reached skill level 1 in Invocations
 17235 | Lair:2   | Reached skill level 5 in Stealth
 17294 | Lair:2   | Reached XP level 12. HP: 78/81 MP: 10/16
 18125 | Lair:2   | Noticed a four-headed hydra
 18208 | Lair:2   | Killed a four-headed hydra
 18208 | Lair:2   | Reached skill level 5 in Invocations
 18407 | Lair:2   | Noticed a five-headed hydra
 18626 | Lair:2   | Killed a five-headed hydra
 18686 | Lair:2   | Found a staircase to the Swamp.
 18917 | Lair:2   | Noticed a seven-headed hydra
 18926 | Lair:2   | Killed a seven-headed hydra
 19051 | Lair:3   | Reached skill level 1 in Evocations
 19104 | Lair:3   | Noticed a boulder beetle
 19322 | Lair:3   | Killed a boulder beetle
 20171 | Lair:3   | Reached ****** piety under Cheibriados
 20171 | Lair:3   | Reached skill level 5 in Evocations
 20954 | Lair:4   | Reached XP level 13. HP: 84/90 MP: 8/18
 21503 | Lair:4   | Reached skill level 10 in Fighting
 21953 | Lair:4   | Found a staircase to the Snake Pit.
 22855 | Lair:5   | Reached skill level 10 in Dodging
 22888 | Lair:5   | Slain by a komodo dragon

Illustrated notes

Levels and vault maps discovered:
D:1:      sevenhm_arrival_forest_fort_large_2, layout_loops_corners,
          minmay_misc_feat_five, minmay_misc_feat_plants
D:2:      layout_loops_ring, chequers_temple_overflow_statue_of_worship,
          minmay_misc_feat_tower, uniq_terence
D:3:      layout_basic, uniq_sigmund, uniq_natasha
D:4:      layout_gridville, lemuel_round_altar
D:5:      layout_gridville, lemuel_doored_altar, minmay_temple_entry_large_hall,
          basic_altar, nrook_pool_corridor
D:6:      layout_loops_ring, lemuel_round_altar, ebering_ghost_rock_garden
D:7:      layout_basic, okawaru_trees_1, nicolae_ossuary_entry_false_entrances,
          kennysheep_generic_room_6
D:8:      layout_loops_ring, due_lair_maze_entry_diamond, uniq_prince_ribbit1,
          uniq_pikel
D:9:      minmay_separated_statues, layout_basic, marbit_many_paths,
          grunt_ministairs_1, hangedman_decor_peaks_small
D:10:     layout_irregular_city, enter_trove_3
D:11:     layout_basic, minivault_16, uniq_erolcha
Temple:   eino_wide_crystal_templ
Lair:1:   layout_cave_pods, grunt_megastairs_5
Lair:2:   layout_hall_layers, palyth_hydra_swamp_entry, lemuel_fruit_fields
Lair:3:   layout_cave_pods, serial_rivers, chequers_serial_rivers_micro_c,
          chequers_serial_rivers_small_3, chequers_serial_rivers_micro_b,
          chequers_serial_rivers_small_3, chequers_serial_rivers_room_a,
          chequers_serial_rivers_small_b
Lair:4:   lemuel_slime, layout_hall_layers, minmay_snake_entry_guardpost_small
Lair:5:   layout_cave_pods

Skill      XL: |  1  2  3  4  5  6  7  8  9 10 11 12 13 |
---------------+----------------------------------------+-----
Poison Magic   | 1 2 3 |  3.0
Transmutations | 3 4 5 7 9 10 11 | 11.0
Fighting       | 2 3 4 7 9 10 | 10.0
Unarmed Combat | 4 5 7 9 10 11 | 11.1
Dodging        | 3 4 6 7 10 | 10.0
Spellcasting   | 3 4 |  4.0
Stealth        | 5 7 |  7.2
Invocations    | 3 7 |  7.0
Evocations     | 5 |  5.0

Action                   |  1- 3 |  4- 6 |  7- 9 | 10-12 | 13-15 || total
-------------------------+-------+-------+-------+-------+-------++-------
Melee: Unarmed           |    77 |    99 |   250 |   330 |    94 ||   850
       Kick              |    11 |     9 |    27 |     4 |       ||    51
       Constrict         |    17 |    22 |    45 |    42 |    14 ||   140
       Tentacles         |    11 |    11 |    41 |    69 |    20 ||   152
       Punch             |       |     4 |    10 |    40 |    12 ||    66
 Cast: Beastly Appendage |    17 |    15 |    32 |     4 |       ||    68
       Spider Form       |     1 |     5 |    20 |       |       ||    26
       Blade Hands       |       |       |     7 |    60 |    15 ||    82
       Ice Form          |       |       |       |     7 |     3 ||    10
 Abil: End Transformatio |       |       |     1 |       |       ||     1
Evoke: Wand              |       |       |     1 |     4 |     2 ||     7
  Use: Scroll            |       |     9 |    15 |     8 |     1 ||    33
       Potion            |       |     2 |     7 |     2 |       ||    11
 Stab: Sleeping          |     8 |     6 |     6 |    12 |     2 ||    34
       Paralysed         |       |       |     2 |     3 |     3 ||     8
       Distracted        |       |       |       |     1 |       ||     1
Armor: Skin              |    11 |     4 |    21 |    46 |     4 ||    86
Dodge: Dodged            |    61 |    63 |   211 |   223 |    60 ||   618

Table legend: (Time is in decaauts)
 A = Elapsed time spent in this place.
 B = Non-inter-level travel time spent in this place.
 C = Inter-level travel time spent in this place.
 D = Time resting spent in this place.
 E = Time spent auto-exploring this place.
 F = Levels seen in this place.
 G = Mean time per level.
                   A        B        C        D        E       F      G
               +--------+--------+--------+--------+--------+-----+--------+
         Total |  28375 |  27420 |    955 |   2669 |  21467 |  18 | 1576.4 |
       Dungeon |  16839 |  16074 |    765 |   1589 |  12446 |  11 | 1530.8 |
        Temple |    215 |    182 |     33 |      0 |    179 |   1 |  215.0 |
          Lair |  10183 |  10026 |    157 |    678 |   8370 |   5 | 2036.6 |
       Ossuary |   1138 |   1138 |      0 |    401 |    470 |   1 | 1138.0 |
               +--------+--------+--------+--------+--------+-----+--------+

Top non-repeatable levels by time:
  Lair:2: 2783 daAuts
  Lair:4: 2328 daAuts
     D:9: 2283 daAuts
  Lair:3: 2235 daAuts
    D:10: 2027 daAuts
  Lair:1: 1900 daAuts
     D:1: 1693 daAuts
     D:4: 1659 daAuts
     D:3: 1649 daAuts
     D:8: 1472 daAuts
     D:7: 1350 daAuts
     D:5: 1270 daAuts
    D:11: 1205 daAuts
     D:6: 1192 daAuts
 Ossuary: 1138 daAuts
